 Dungeon Crawl Stone Soup version 0.30-a0-900-g23479c02f2 (webtiles) character file.

Game seed: 1812309882305498096

1042 Iniera the Chopper (level 8, -13/43 HPs)
             Began as a Vine Stalker Fighter on Mar 19, 2023.
             Killed from afar by an acid dragon (19 damage)
             ... with a splash of acid
             ... on level 5 of the Dungeon.
             The game lasted 00:05:07 (4269 turns).

Iniera the Chopper (Vine Stalker Fighter)           Turns: 4269, Time: 00:05:08

Health: -13/43     AC:  4    Str: 20    XL:     8   Next: 25%
Magic:  0/19       EV:  9    Int:  8    God:
Gold:   315        SH:  5    Dex: 15    Spells: 7/7 levels left

rFire   . . .      SeeInvis .    a - +1 war axe
rCold   . . .      Faith    .    c - +0 buckler
rNeg    . . .      Spirit   +    b - +0 scale mail
rPois   .          Reflect  .    (no helmet)
rElec   .          Rampage  .    k - +0 cloak
rCorr   .                        (no gloves)
Will    ++...                    r - +0 pair of boots Stlth
                                 (no amulet)
HPRegen 1.07/turn                h - ring of willpower
MPRegen 0.16/turn                o - ring of magical power

@: corroded
A: fangs 3, regeneration 1, magic shield, antimagic bite, no potion heal 2
a: no special abilities


You were on level 5 of the Dungeon.
You visited 1 branch of the dungeon, and saw 5 of its levels.

You collected 315 gold pieces.

Inventory:

Hand Weapons
 a - a +1 war axe (weapon)
Armour
 b - a +0 scale mail (worn)
 c - a +0 buckler (worn)
 k - a +0 cloak (worn)
 r - a +0 pair of boots (worn)
Jewellery
 h - a ring of willpower (left hand)
 o - a ring of magical power (right hand)
 u - a ring of positive energy
Wands
 f - a wand of polymorph (7)
 m - a wand of flame (1)
Scrolls
 g - 2 scrolls of teleportation
 l - a scroll of fear
 q - a scroll of magic mapping
 t - a scroll of fog
Potions
 d - 3 potions of might
 e - a potion of brilliance {unknown}
 i - 2 potions of curing
 j - a potion of invisibility
 n - a potion of lignification {unknown}
 p - 3 potions of flight {unknown}
 s - a potion of resistance


   Skills:
 - Level 5.0 Fighting
 * Level 7.2 Axes
 + Level 2.4 Armour
 - Level 2.6 Shields
 - Level 2.2 Invocations


You had 7 spell levels left.
You didn't know any spells.
Your spell library contained the following spells:

 Spells                   Type           Power      Damage    Failure   Level
 Dazzling Flash           Conj/Hex       0%         N/A       99%         3
 Ozocubu's Armour         Ice            0%         N/A       99%         3
 Iskenderun's Mystic Bla  Conj/Tloc      0%         2d3       100%        4
 Metabolic Englaciation   Hex/Ice        0%         N/A       100%        5
 Simulacrum               Ice/Necr       0%         N/A       100%        6
 Starburst                Conj/Fire      0%         6d3       100%        6
 Ozocubu's Refrigeration  Ice            0%         4d7       100%        7


Dungeon Overview and Level Annotations

Branches:
Dungeon (5/15)
 Temple: D:4-7

Altars:
Dithmenos
Fedhas
Okawaru
Ru
Sif Muna
Yredelemnul

Shops:
D:1 [


Innate Abilities, Weirdness & Mutations

You have razor-sharp teeth.
Your natural rate of healing is unusually fast.
When hurt, damage is shared between your health and your magic reserves.
Your bite disrupts and absorbs the magic of your enemies.
Potions cannot restore your health.


Message History

The splash of acid hits you! You block the acid dragon's attack.
The acid dragon claws you but does no damage.
You barely miss the acid dragon. You block the acid dragon's attack.
The acid dragon barely misses you.
You barely miss the acid dragon. The acid dragon bites you.
The acid dragon barely misses you.
You slash the acid dragon!
The acid dragon is moderately wounded.
The acid dragon spits acid at you. The splash of acid hits you!
The acid dragon bites you.
The acid dragon claws you but does no damage.
You are too injured to fight recklessly!
You are too injured to fight recklessly!
You are too injured to fight recklessly!
You are too injured to fight recklessly!
You are too injured to fight recklessly!
You are too injured to fight recklessly!
You are too injured to fight recklessly!
You are too injured to fight recklessly!
You hit the acid dragon. Your bite misses the acid dragon.
The acid dragon is moderately wounded.
You block the acid dragon's attack. The acid dragon barely misses you.
You hit the acid dragon but do no damage.
Your bite misses the acid dragon.
The acid dragon is moderately wounded.
The acid dragon barely misses you. The acid dragon claws you.
You hit the acid dragon but do no damage.
The acid dragon is moderately wounded.
The acid dragon bites you!
* * * LOW HITPOINT WARNING * * *
The acid dragon claws you.
* * * LOW HITPOINT WARNING * * *
Okay, then.
You closely miss the acid dragon. You bite the acid dragon.
You drain its power.
You feel invigorated.
The acid dragon is heavily wounded.
The acid dragon spits acid at you. The splash of acid hits you!!
You die...

##############
.............# ######
############.# #....
.......# #.# #...###
######.# #.# #.>.#..
.....#.# #.# #D..#.#
####.#.#####.# #@..#.#
#.#.......# #...#.#
#.######### #$..#.# #.# #
#...#.#
####.#########.#...#.#####.#
#
....................†.......
.
####.#########...#.#.#######
# ####.## #####.#.## #
......## #....# #


You could see an acid dragon (catching breath).

Vanquished Creatures
  3 ice beasts (D:5)
  2 black bears (D:5)
  A kobold brigand (D:5)
  A scorpion (D:4)
  2 hounds (D:5)
  2 orc priests
  Terence (D:3)
  A sleepcap (D:5)
  An iguana (D:4)
  3 gnolls (D:2)
  8 adders
  An ufetubus (D:5)
  2 worms
  2 dart slugs
  17 orcs
  15 ball pythons
  7 bats
  13 endoplasms
  A giant cockroach (D:4)
  9 goblins
  10 hobgoblins
  6 jackals
  5 quokkas
  5 frilled lizards
  8 kobolds
  7 rats
133 creatures vanquished.

Notes
Turn   | Place    | Note
-------+----------+-------------------------------------------
     0 | D:1      | Iniera the Vine Stalker Fighter began the quest for the
                  | Orb.
     0 | D:1      | Reached XP level 1. HP: 11/11 MP: 2/2
    29 | D:1      | Reached skill level 2 in Axes
    53 | D:1      | Reached XP level 2. HP: 13/16 MP: 3/3
   126 | D:1      | Reached skill level 1 in Invocations
   272 | D:1      | Reached XP level 3. HP: 19/19 MP: 4/4
   286 | D:1      | Reached skill level 3 in Axes
   448 | D:1      | Found Antoerypn's Antique Armour Shop.
   886 | D:2      | Gained mutation: Your natural rate of healing is unusually
                  | fast. [Vine Stalker growth]
   886 | D:2      | Reached XP level 4. HP: 23/23 MP: 6/6
  1110 | D:2      | Found a faded altar of an unknown god.
  1294 | D:2      | Reached XP level 5. HP: 27/27 MP: 7/7
  1319 | D:2      | Reached skill level 4 in Axes
  1467 | D:2      | Found an iron altar of Okawaru.
  1956 | D:3      | Noticed Terence
  1965 | D:3      | Killed Terence
  2037 | D:3      | Found a sacrificial altar of Ru.
  2070 | D:3      | Reached XP level 6. HP: 32/32 MP: 8/8
  2609 | D:4      | Reached skill level 5 in Axes
  2639 | D:4      | Found a shimmering blue altar of Sif Muna.
  3313 | D:5      | Entered Level 5 of the Dungeon
  3380 | D:5      | Reached XP level 7. HP: 22/37 MP: 3/9
  3565 | D:5      | Found a transporter.
  3751 | D:5      | Reached skill level 6 in Axes
  3856 | D:5      | Found a transporter.
  3867 | D:5      | HP: 1/37 [ice beast (11)]
  3870 | D:5      | Reached skill level 7 in Axes
  3870 | D:5      | Gained mutation: You have razor-sharp teeth. [Vine Stalker
                  | growth]
  3870 | D:5      | Reached XP level 8. HP: 4/42 MP: 1/10
  4064 | D:5      | Found a shadowy altar of Dithmenos.
  4067 | D:5      | Found a blossoming altar of Fedhas.
  4067 | D:5      | Found an iron altar of Okawaru.
  4067 | D:5      | Found a basalt altar of Yredelemnul.
  4132 | D:5      | Reached skill level 5 in Fighting
  4269 | D:5      | Killed from afar by an acid dragon

Illustrated notes

Levels and vault maps discovered:
D:1:      dpeg_arrival_subterranean_lakeside_camping, layout_basic,
          serial_shops, nicolae_shop_hallway_plus, st_stairs_1,
          minmay_tromino_v4_b
D:2:      minmay_recursive_quarters, layout_basic,
          chequers_ecumenical_altar_grove, basic_altar
D:3:      layout_basic, mainiacjoe_overflow_brackets,
          minmay_randomly_rotated_circles, uniq_terence
D:4:      layout_loops_corners, kennysheep_orc_sif_temple
D:5:      gammafunk_cloud_chamber, layout_basic, grunt_temple_overflow_open

Skill      XL: |  1  2  3  4  5  6  7  8 |
---------------+-------------------------+-----
Axes           | 2 3 4 5 7 |  7.2
Invocations    | 1 2 |  2.2
Fighting       | 3 4 5 |  5.0
Armour         | |  2.4
Shields        | |  2.6

Action                     |  1- 3 |  4- 6 |  7- 9 || total
---------------------------+-------+-------+-------++-------
  Melee: War axe           |    81 |   159 |    62 ||   302
         Bite              |    15 |    36 |    10 ||    61
    Use: Scroll            |     3 |     7 |     2 ||    12
         Potion            |       |       |     1 ||     1
 Armour: Scale mail        |    33 |    76 |    55 ||   164
  Dodge: Dodged            |    42 |    79 |    36 ||   157
  Block: Buckler           |    26 |    28 |    19 ||    73

Table legend: (Time is in decaauts)
 A = Elapsed time spent in this place.
 B = Non-inter-level travel time spent in this place.
 C = Inter-level travel time spent in this place.
 D = Time resting spent in this place.
 E = Time spent auto-exploring this place.
 F = Levels seen in this place.
 G = Mean time per level.
                   A        B        C        D        E       F      G
               +--------+--------+--------+--------+--------+-----+--------+
         Total |   4379 |   4222 |    157 |     43 |   3352 |   5 |  875.8 |
       Dungeon |   4379 |   4222 |    157 |     43 |   3352 |   5 |  875.8 |
               +--------+--------+--------+--------+--------+-----+--------+

Top non-repeatable levels by time:
     D:5: 981 daAuts
     D:2: 934 daAuts
     D:4: 863 daAuts
     D:1: 811 daAuts
     D:3: 788 daAuts
